[Event "*** Titled Tuesday Blitz"]
[Site "Chess.com"]
[Date "2019.06.04"]
[Round "2"]
[White "Hikaru"]
[Black "LuckIsMySkill"]
[Result "1/2-1/2"]
[WhiteElo "3198"]
[BlackElo "2653"]
[TimeControl "180+2"]
[EndTime "13:23:44 PDT"]
[Termination "Game drawn by repetition"]

1. Nf3 Nf6 2. b3 b6 3. Bb2 Bb7 4. d4 g6 5. e3 Bg7 6. c4 O-O 7.
Be2 e6 8. O-O a5 9. a3 c5 10.
dxc5 bxc5 11. Nc3 Ne4 12. Qc2 Nxc3 13. Bxc3 d6 14. Rfd1 Ra6 15. Rd2 Nd7 16. Bxg7 Kxg7 17. Rad1 Qe7 18. Qb2+ Nf6 19. b4 axb4 20. axb4 Bxf3 21.
Bxf3 cxb4 22. Qxb4 Qc7 23. h4 Rb8 24. Qc3 Qc5 25.
g4 h6 26. Kg2 Ra3 27. Qd4 Qxd4 28. Rxd4 Rc3 29. Be2 Rb2 30. R4d2 Rcc2 31. Rxc2 Rxc2 32. Kf1 d5 33. g5 hxg5 34. hxg5 Ne4 35. cxd5 exd5 36.
Rd4 Nxg5 37. Rxd5 Ne6 38. Rd6 Rc5 39. Bg4 Kf6 40. Ra6 Ke7 41. Ke2 Rc2+ 42. Kf3 Rb2 43. Kg3 Ng5 44. f3 Nh7 45. Ra7+ Kf8 46. Kf4 Nf6 47. Bc8 Rb3 48. Bb7 Nh5+ 49. Ke4 Ng3+ 50. Kf4 Ne2+ 51. Ke4 f5+ 52. Ke5 Rxe3+ 53. Kf6 Nf4 54.
Kg5 Re7 55. Kxf4 Kg7 56. Kg5 Rf7 57. f4 Re7 58. Kh4 Kh6 59. Kg3 Kg7 60. Kf2 Kh6 61. Kg3 Kg7 62. Kh3 Kh6 63. Kh4 Rd7 64. Kh3 Rc7 65.
Kg3 Re7 66. Kf2 Kg7 67. Kf3 Kh6 68. Kg3 1/2-1/2

[Event "*** Titled Tuesday Blitz"]
[Site "Chess.com"]
[Date "2019.06.04"]
[Round "2"]
[White "Zhigalko_Sergei"]
[Black "Zarikovs1999"]
[Result "0-1"]
[WhiteElo "2907"]
[BlackElo "2640"]
[TimeControl "180+2"]
[EndTime "13:23:44 PDT"]
[Termination "Zarikovs1999 won by checkmate"]

1. e4 c5 2. Nf3 Nc6 3. c3 Nf6 4. e5 Nd5 5. Bc4 Nb6 6. Bb3 c4 7. Bc2 d6 8. exd6 Qxd6 9. O-O g6 10. b3 Bg7 11. Na3 cxb3 12. axb3 O-O 13. Nc4 Nxc4 14. bxc4 Be6 15. Qe2 Ne5 16. Nxe5 Bxe5 17. c5 Bxh2+ 18.
Kh1 Qe5 19. Qf3 Bd5 20. Qg4 h5 21. Qh3 Bf4 22. d4 Qg5 23. Bxf4 Qxf4 24. Rae1 b6 25.
Rxe7 bxc5 26. dxc5 Rfe8 27. Rd7 Be6 28. Qd3 Bxd7 29. Qxd7 Qc4 30. Rb1 Qxc5 31. Rb7 Re1+ 32. Kh2 Qxf2 33. Bb3 Qf4+ 34. g3 Qf2+ 35. Kh3 Rh1# 0-1

[Event "*** Titled Tuesday Blitz"]
[Site "Chess.com"]
[Date "2019.06.04"]
[Round "2"]
[White "sergoy"]
[Black "vovachesss"]
[Result "0-1"]
[WhiteElo "2818"]
[BlackElo "2616"]
[TimeControl "180+2"]
[EndTime "13:23:44 PDT"]
[Termination "vovachesss won by resignation"]

1. d4 Nc6 2. c4 d6 3. Nc3 g6 4. d5 Ne5 5. e4 Bg7 6. Be2 e6 7. f4 Nd7 8. Nf3 Ngf6 9. dxe6 fxe6 10. e5 dxe5 11. fxe5 Ng8 12. Bg5 Ne7 13. Ne4 Nxe5 14.
Qxd8+ Kxd8 15. Nxe5 Bxe5 16. O-O-O+ Ke8 17. Nf6+ Bxf6 18. Bxf6 Rf8 19. Be5 Bd7 20. h4 Bc6 21. h5 Bxg2 22. Rh2 Be4 23. Bxc7 Rc8 24. Bd6 Rf7 25. b3 Nd5 26. hxg6 Bxg6 27. Kb2 Ne3 28. Rg1 Nf5 29. Be5 Rd8 30. c5 Rd2+ 31. Kc3 Rd5 32. Re1 Rxc5+ 33. Bc4 b5 34. Kb4 Rxe5 35. Rxe5 bxc4 36. bxc4 Nd4 37. Kc5 Rd7 38. Rf2 Ke7 39. a4 Nb3+ 40. Kb4 Nc1 0-1

[Event "*** Titled Tuesday Blitz"]
[Site "Chess.com"]
[Date "2019.06.04"]
[Round "2"]
[White "Muracle"]
[Black "TomsKantans"]
[Result "1-0"]
[WhiteElo "2536"]
[BlackElo "2530"]
[TimeControl "180+2"]
[EndTime "13:23:45 PDT"]
[Termination "Muracle won by checkmate"]

1. Nf3 c5 2. g3 Nc6 3. d4 cxd4 4. Nxd4 e5 5. Nb3 d5 6. Bg2 Be6 7. O-O Be7 8. Nc3 d4 9. Ne4 Nf6 10. Nec5 Bd5 11. e4 Bc4 12. Re1 O-O 13. Nd3 Nd7 14.
h4 a5 15. Nd2 Be6 16. Nf3 f6 17. c3 dxc3 18. bxc3 Nc5 19. Nxc5 Bxc5 20. Qa4 Qb6 21. Be3 Bxe3 22. Rxe3 Rfd8 23. Ree1 Qc5 24. Rab1 Qxc3 25. Rxb7 Nd4 26. Re3 Qa1+ 27. Kh2 Qxa2 28. Ra3 Qxf2 29. Nxd4 Qxd4 30. Qc6 Qd6 31. Qc1 a4 32. Rc3 a3 33.
Rc6 Qd2 34. Qc5 Rd7 35. Rbb6 a2 36. Rc8+ Rxc8 37. Qxc8+ Kf7 38. Rb8 Qd6 39. Qe8# 1-0

[Event "*** Titled Tuesday Blitz"]
[Site "Chess.com"]
[Date "2019.06.04"]
[Round "2"]
[White "Satscho"]
[Black "el-reptiliano"]
[Result "0-1"]
[WhiteElo "2249"]
[BlackElo "2188"]
[TimeControl "180+2"]
[EndTime "13:23:46 PDT"]
[Termination "el-reptiliano won by resignation"]

1. e4 c5 2. Nf3 e6 3. d4 cxd4 4. Nxd4 Nc6 5. Nc3 Qc7 6. Be3 a6 7. Qf3 Nf6 8. Qg3 d6 9. O-O-O h5 10. f4 h4 11. Qf3 e5 12. Nxc6 Bg4 13. Qf2 Bxd1 14.
Nxe5 dxe5 15. Nxd1 Ng4 16. Qf3 Nxe3 17. Nxe3 Rc8 18.
Bd3 exf4 19. Nd5 Qe5 20. Rf1 Bc5 21. Nxf4 Bd4 22. Ng6 Qg5+ 23. Nf4 Be5 24. g3 hxg3 25. hxg3 Rh2 26. Kb1 Bxf4 27. gxf4 Qg2 28. Qd1 Qd2 29. Qxd2 Rxd2 30. e5 g6 31. f5 gxf5 32. Bxf5 Rcd8 33. Kc1 Re2 34. e6 fxe6 35. Bg6+ Ke7 36. Rf7+ Kd6 37. Rxb7 Kc6 38. Bd3 Rxd3 39. cxd3 Kxb7 0-1

[Event "*** Titled Tuesday Blitz"]
[Site "Chess.com"]
[Date "2019.06.04"]
[Round "2"]
[White "ZenBull"]
[Black "armago"]
[Result "0-1"]
[WhiteElo "2094"]
[BlackElo "2069"]
[TimeControl "180+2"]
[EndTime "13:23:47 PDT"]
[Termination "armago won by checkmate"]

1. Nf3 Nf6 2. b3 g6 3. Bb2 Bg7 4. e3 O-O 5. Be2 d5 6. O-O c5 7.
d4 Ne4 8. Nbd2 Nc6 9. Rb1 cxd4 10. Nxd4 Nxd4 11. exd4 Bf5 12. Bd3 Rc8 13. Bxe4 dxe4 14. Nc4 Qc7 15. Ne3 Bd7 16. c4 Rfd8 17. Qe2 e6 18. d5 e5 19. Rfd1 f5 20. Rbc1 b6 21.
b4 Ba4 22. Re1 Qd7 23. g3 h5 24. Ba1 h4 25. Ng2 hxg3 26. hxg3 b5 27. cxb5 Bxb5 28. Qd2 Rxc1 29. Rxc1 Qxd5 30. Qxd5+ Rxd5 31. Bc3 Bh6 32. Ne3 Rd3 33. Bxe5 Bxe3 34. fxe3 Rxe3 35. Rc8+ Kf7 36. Rc7+ Ke6 37. Bf4 Re2 38. Rxa7 Bd3 39. a4 e3 40. b5 Kd5 41. Re7 Be4 42. b6 Re1+ 43. Kh2 Rh1# 0-1

[Event "*** Titled Tuesday Blitz"]
[Site "Chess.com"]
[Date "2019.06.04"]
[Round "2"]
[White "colemman"]
[Black "Keranke"]
[Result "0-1"]
[WhiteElo "2601"]
[BlackElo "2859"]
[TimeControl "180+2"]
[EndTime "13:23:48 PDT"]
[Termination "Keranke won on time"]

1. d4 Nf6 2. Nf3 g6 3. Nbd2 Bg7 4. e4 O-O 5. e5 Nd5 6. c4 Nb6 7. c5 Nd5 8. Bc4 c6 9. Ne4 b6 10. O-O Ba6 11. b3 bxc5 12. Nxc5 Bc8 13. Re1 d6 14. Ne4 Bf5 15. Bb2 Nd7 16. exd6 Bxe4 17. Rxe4 exd6 18. Bxd5 cxd5 19. Re2 Nf6 20. Qd3 Ne4 21. Nd2 Nxd2 22.
Qxd2 Qb6 23. Rae1 a5 24. Qg5 Qb5 25. Qf4 Ra6 26. Ba3 Qb6 27. Bb2 a4 28. Re3 Raa8 29.
h4 h5 30. Ba3 Bxd4 31. Rf3 Be5 32. Qd2 d4 33. b4 Rac8 34. Bb2 Rc4 35. a3 Qc6 36. Rc1 Rxc1+ 37. Bxc1 Rc8 38. Bb2 Qc2 39. Rd3 Qb1+ 40. Qd1 Qxb2 41. Qf3 Rc1+ 42. Rd1 Qc2 0-1

[Event "*** Titled Tuesday Blitz"]
[Site "Chess.com"]
[Date "2019.06.04"]
[Round "2"]
[White "Simoncelli15"]
[Black "King_of_the_wing"]
[Result "0-1"]
[WhiteElo "2256"]
[BlackElo "2186"]
[TimeControl "180+2"]
[EndTime "13:23:52 PDT"]
[Termination "King_of_the_wing won by checkmate"]

1. e4 e6 2. d4 d5 3. c3 dxe4 4.
Nd2 f5 5. f3 exf3 6. Ngxf3 Nf6 7. Bc4 Bd6 8. O-O O-O 9. Re1 Re8 10. Ng5 Nd5 11. Qh5 h6 12. Nxe6 Bxe6 13. Bxd5 Qd7 14.
Nf3 Nc6 15. Qxf5 Bxh2+ 16. Kxh2 Qxd5 17. Qxd5 Bxd5 18. Bf4 Rf8 19. Bxc7 Bxf3 20. gxf3 Rxf3 21. Re2 Rc8 22. Bg3 Na5 23. Rg1 Nc4 24. Re7 Rf7 25.
Rxf7 Kxf7 26. b3 Nd2 27. Rc1 Ne4 28. Be1 b5 29. c4 bxc4 30. bxc4 g5 31. c5 Ke6 32.
Bc3 Kd5 33. Kg2 h5 34. Ba1 g4 35. Rf1 h4 36. Rf5+ Kc4 37. Re5 Kd3 38. Re7 a5 39.
Ra7 Rf8 40. Rc7 Rf2+ 41. Kg1 h3 42. c6 h2+ 43. Kh1 Ng3# 0-1

[Event "*** Titled Tuesday Blitz"]
[Site "Chess.com"]
[Date "2019.06.04"]
[Round "2"]
[White "sofaceindisguise"]
[Black "akretchetov"]
[Result "0-1"]
[WhiteElo "2529"]
[BlackElo "2347"]
[TimeControl "180+2"]
[EndTime "13:23:55 PDT"]
[Termination "akretchetov won by resignation"]

1. e4 e5 2. Nf3 Nc6 3. Bb5 a6 4.
Ba4 d6 5. O-O Bd7 6. c3 g6 7. d4 Bg7 8. Re1 Nf6 9. Nbd2 O-O 10.
Nf1 Re8 11. Ng3 Qe7 12. Bg5 h6 13. Bc1 Rad8 14. d5 Nb8 15. Bc2 Rf8 16. c4 Nh7 17. b4 Qe8 18. c5 f5 19. Rb1 f4 20. Nf1 g5 21. N3d2 g4 22. Nc4 Rf6 23. a4 Ng5 24. Na5 Bc8 25. b5 axb5 26. cxd6 cxd6 27. axb5 h5 28.
b6 h4 29. Rb3 Qh5 30. Rc3 h3 31. g3 Nf3+ 32. Rxf3 gxf3 33. Ba3 Nd7 34. Nc4 Bf8 35. Qd3 Rg6 36. Ra1 Nf6 37. Bb4 fxg3 38. Nxg3 Rxg3+ 39. fxg3 f2+ 40. Kxf2 Ng4+ 41. Kg1 Bh6 42.
Rf1 Bd7 43. Bd1 Bb5 44. Rf5 Bxc4 45. Bxg4 Qxf5 46. exf5 Bxd3 47. Bxh3 Be3+ 48. Kg2 Be4+ 49. Kf1 Bxd5 50. g4 Bxb6 51. g5 Ra8 52. Bg4 Ra4 0-1

[Event "*** Titled Tuesday Blitz"]
[Site "Chess.com"]
[Date "2019.06.04"]
[Round "2"]
[White "pedroholly22"]
[Black "maxip32"]
[Result "1/2-1/2"]
[WhiteElo "2283"]
[BlackElo "2436"]
[TimeControl "180+2"]
[EndTime "13:23:57 PDT"]
[Termination "Game drawn by agreement"]

1. e4 c5 2. Nf3 d6 3. d4 cxd4 4. Nxd4 Nf6 5. Nc3 a6 6. Bg5 e6 7.
f4 Nbd7 8. Qe2 Qc7 9. O-O-O b5 10. a3 Rb8 11. Nd5 Qb7 12. Nxf6+ gxf6 13. Bh4 Be7 14. f5 e5 15. Nb3 Qc7 16. Rd3 Bb7 17. Rc3 Qb6 18. Bf2 Qd8 19. Qh5 Bxe4 20. Be2 Rc8 21. Rxc8 Qxc8 22. c3 d5 23. Qh3 Nc5 24.
Nxc5 Bxc5 25. Bh4 Rg8 26. Bg4 h5 27. Bf3 Bxf5 28. g4 hxg4 29. Qg2 Be3+ 30. Kd1 Qc4 31.
Bxd5 Qd3+ 32. Ke1 e4 33. Bb3 Ke7 34. Bc2 Qd5 35. Qe2 Bc5 36. Rf1 Rd8 37. Bxf6+ Kxf6 38. Bxe4 Qd6 39. Rxf5+ Kg7 40. Qxg4+ Kf8 41. Rd5 Qf6 42.
Rxd8+ Qxd8 43. Ke2 Qd6 44. Qh4 Qe6 45. Kf3 Qe5 46.
Qd8+ Kg7 47. Qh4 Bd6 48. Qg3+ Qxg3+ 49. hxg3 Kf6 50. Bb7 a5 51. b4 axb4 52. axb4 Be5 53. Bc6 Bxc3 54. Bxb5 Bxb4 55. Bc4 Kg6 56. Bb3 f6 57. g4 Kg5 1/2-1/2

[Event "*** Titled Tuesday Blitz"]
[Site "Chess.com"]
[Date "2019.06.04"]
[Round "2"]
[White "europa2012"]
[Black "orrbaverlekszarnyon"]
[Result "1/2-1/2"]
[WhiteElo "2129"]
[BlackElo "2242"]
[TimeControl "180+2"]
[EndTime "13:23:58 PDT"]
[Termination "Game drawn by agreement"]

1. d4 d5 2. c4 e6 3. Nc3 c5 4.
cxd5 exd5 5. Nf3 Nc6 6. g3 Nf6 7. Bg2 Be7 8. O-O O-O 9. Bg5 c4 10. h3 h6 11. Be3 b5 12. Nxb5 Rb8 13. Nc3 Rxb2 14. Rb1 Qb6 15. Ne5 Rxb1 16. Qxb1 Qc7 17. Bf4 g5 18. Nxc6 Qxc6 19. Be5 Be6 20. f4 Nd7 21. f5 Nxe5 22. dxe5 Bd7 23. Nxd5 Qc5+ 24. Kh2 Bd8 25. e6 fxe6 26. fxe6 Rxf1 27. Qg6+ Kf8 28.
Qxh6+ Ke8 29. exd7+ Kxd7 30. Qh7+ Kc8 31. Bxf1 Qxd5 32.
Bg2 Qd7 33. Qe4 Qc7 34. Qe6+ Kb8 35. Qd5 Kc8 36. Qa8+ Kd7 37. Qd5+ Kc8 38. Be4 c3 39. Bf5+ Kb8 40. Qb5+ Qb6 41. Qe5+ Qc7 42. Qb5+ Qb6 43. Qxb6+ axb6 44. Bc2 Kc7 45. Kg2 Kd6 46. Kf3 Kd5 47.
Bb3+ Kd4 1/2-1/2

[Event "*** Titled Tuesday Blitz"]
[Site "Chess.com"]
[Date "2019.06.04"]
[Round "2"]
[White "Mikhail_Golubev"]
[Black "Krupko_Alexey"]
[Result "1-0"]
[WhiteElo "2485"]
[BlackElo "2299"]
[TimeControl "180+2"]
[EndTime "13:23:59 PDT"]
[Termination "Mikhail_Golubev won by resignation"]

1. e4 e6 2. d4 d5 3. Nc3 Nf6 4. Bg5 Be7 5. e5 Nfd7 6. h4 c5 7. Bxe7 Qxe7 8. Nb5 O-O 9. Nc7 Nc6 10. Nxa8 cxd4 11.
Nf3 Qb4+ 12. Qd2 Qxb2 13. Rd1 Nc5 14. Nxd4 Ne4 15. Qe3 Nxe5 16. Qb3 Qxb3 17. cxb3 Bd7 18. Nc7 a6 19. Bd3 Nc5 20. Bb1 Rc8 21. Nxd5 exd5 22.
O-O g6 23. f3 Kg7 24. Rc1 a5 25. Rc3 b6 26. Re1 Re8 27. f4 Ng4 28. Rxe8 Bxe8 29.
a3 Nf6 30. b4 axb4 31. axb4 Nce4 32. Rc8 Bd7 33. Rb8 Nh5 34. Rxb6 Nxf4 35. Bxe4 dxe4 36. Rd6 Bg4 37. b5 e3 38. b6 e2 39. Nxe2 Nxe2+ 40. Kf2 Nc3 41. Rd4 Bf5 42. b7 Nb5 43. Rb4 1-0

[Event "*** Titled Tuesday Blitz"]
[Site "Chess.com"]
[Date "2019.06.04"]
[Round "2"]
[White "BvsN"]
[Black "Babas"]
[Result "1-0"]
[WhiteElo "2298"]
[BlackElo "2381"]
[TimeControl "180+2"]
[EndTime "13:24:00 PDT"]
[Termination "BvsN won by resignation"]

1. d4 Nf6 2. c4 c5 3. d5 e6 4.
Nc3 exd5 5. cxd5 d6 6. e4 g6 7.
Nge2 Bg7 8. Ng3 h5 9. Be2 h4 10.
Nf1 h3 11. g3 a6 12. a4 Qe7 13.
Bg5 Nbd7 14. Ne3 Nf8 15. Nc4 N8d7 16. f4 O-O 17. O-O Re8 18. e5 dxe5 19. f5 e4 20. fxg6 fxg6 21. d6 Qe6 22. Ne3 Ne5 23. Bxf6 Bxf6 24.
Nxe4 Bg7 25. Nd5 Kh8 26. Nxc5 Qxd6 27. Ne4 Qb8 28. Rf4 Rd8 29. Rh4+ Bh6 30. Rxh6+ Kg7 31. Qd2 Be6 32. Nec3 Qa7+ 33. Kh1 Qf2 34. Rg1 Nf3 35. Rxg6+ Kxg6 36. Bd3+ Bf5 37. Bxf5+ Kxf5 38. Qxf2 1-0

[Event "*** Titled Tuesday Blitz"]
[Site "Chess.com"]
[Date "2019.06.04"]
[Round "2"]
[White "Thee-Chessboy"]
[Black "Alopekos"]
[Result "0-1"]
[WhiteElo "2419"]
[BlackElo "2486"]
[TimeControl "180+2"]
[EndTime "13:24:04 PDT"]
[Termination "Alopekos won by resignation"]

1. d4 Nf6 2. c4 e6 3. Nf3 d5 4. g3 Be7 5. Bg2 O-O 6. O-O dxc4 7. Ne5 c5 8. dxc5 Qc7 9. Nxc4 Qxc5 10. Qb3 Nc6 11. Be3 Qh5 12. f3 e5 13. Nc3 Be6 14. Qxb7 Rfc8 15. b3 Rab8 16. Qa6 Bb4 17. Na4 Nd5 18. Bc5 Bxc5+ 19. Nxc5 Ndb4 20. Qa4 Bxc4 21. bxc4 Nd4 22. e3 Ndc2 23. Nb3 Nxa1 24. Rxa1 Nc2 25. Rc1 Nxe3 26. Qxa7 Nxg2 27. Kxg2 Qf5 28. Qe3 h5 29.
c5 h4 30. c6 h3+ 31. Kf2 Qe6 32. Qc3 Rb6 33. Na5 Qd5 34. Rc2 Rb5 35. Nb3 Rb6 36. Na5 Ra6 37. Nb3 Raxc6 0-1

[Event "*** Titled Tuesday Blitz"]
[Site "Chess.com"]
[Date "2019.06.04"]
[Round "2"]
[White "Barcelona_Guy"]
[Black "Angry_Twin"]
[Result "0-1"]
[WhiteElo "2677"]
[BlackElo "2798"]
[TimeControl "180+2"]
[EndTime "13:24:05 PDT"]
[Termination "Angry_Twin won by resignation"]

1. d4 Nf6 2. c4 g6 3. Nc3 d5 4. Nf3 Bg7 5. cxd5 Nxd5 6. e4 Nxc3 7. bxc3 c5 8. h3 O-O 9. Be2 Nc6 10.
Be3 Qa5 11. O-O Rd8 12. Qb3 cxd4 13. cxd4 Nxd4 14. Nxd4 Bxd4 15. Bxd4 Rxd4 16. Bc4 e6 17. Rad1 Rd8 18. Rxd8+ Qxd8 19. Rd1 Qe7 20. e5 b6 21. Bb5 Qc7 22. Qf3 Bb7 23. Qf6 Bd5 24. h4 Qd8 25.
Qf4 Qe7 26. h5 gxh5 27. Rd3 Kh8 28. Rg3 Rg8 29. Rxg8+ Kxg8 30. Qh6 Be4 31. Qxh5 Bg6 32. Qd1 Kg7 33. a4 Qc5 34. Qe2 Qc1+ 35. Kh2 Qf4+ 36. Kg1 Qe4 37. Qb2 h5 38. Qc3 h4 39. Bc6 Qf4 40. a5 bxa5 41. Qc5 a4 42. Be8 a6 43.
Qd6 Qc1+ 44. Kh2 a3 45. Qxa6 Qb2 46. Qd6 a2 47. f4 0-1

[Event "*** Titled Tuesday Blitz"]
[Site "Chess.com"]
[Date "2019.06.04"]
[Round "2"]
[White "Orest_Vovk"]
[Black "x-5963514717"]
[Result "1-0"]
[WhiteElo "2323"]
[BlackElo "2476"]
[TimeControl "180+2"]
[EndTime "13:24:11 PDT"]
[Termination "Orest_Vovk won by resignation"]

1. h4 e5 2. h5 h6 3. Nc3 d5 4.
e4 Nf6 5. exd5 Nxd5 6. Nxd5 Qxd5 7. Qf3 Be6 8. Qxd5 Bxd5 9. d3 Nc6 10. Be3 O-O-O 11. a3 Be7 12. Nf3 Bxf3 13. gxf3 f5 14. O-O-O f4 15. Bd2 Nd4 16. Bg2 Kb8 17. Bc3 Ne2+ 18.
Kd2 Nxc3 19. Kxc3 Bc5 20. Rhf1 Rhf8 21. Bh3 Rf7 22. b4 Bd4+ 23. Kb3 b5 24. Rde1 Re7 25.
Re4 Rd6 26. c3 Bb6 27. d4 Rd5 28. Rfe1 c6 29. Rxe5 Rdxe5 30. Rxe5 Rxe5 31. dxe5 Bxf2 32. e6 Bh4 33. c4 Kc7 34. c5 Kd8 35. Bf5 Ke7 36. Be4 Kxe6 37. Bxc6 Ke5 38. Bxb5 Kd4 39. Bc6 a5 40. Be4 axb4 41. axb4 Bd8 42. Bb7 Bc7 43.
Bc8 Bd8 44. Bg4 Be7 45. Be6 Bd8 46. Ka4 Ke5 47. Bg8 Kd4 48. Kb5 Kc3 49. c6 Kd4 50. Ka6 Ke5 51. Kb7 Kd6 52. b5 Ba5 53. b6 Ke7 54. c7 Bb4 55. c8=Q Bd6 56. Qe6+ Kd8 1-0

[Event "*** Titled Tuesday Blitz"]
[Site "Chess.com"]
[Date "2019.06.04"]
[Round "2"]
[White "oskariot"]
[Black "bascheyaro"]
[Result "1-0"]
[WhiteElo "2564"]
[BlackElo "2803"]
[TimeControl "180+2"]
[EndTime "13:24:12 PDT"]
[Termination "oskariot won by resignation"]

1. c4 e5 2. g3 Nc6 3. Bg2 g6 4. Nc3 Bg7 5. d3 Nge7 6. Nf3 O-O 7. O-O d6 8. Rb1 a5 9. a3 Be6 10. b4 Qd7 11. b5 Nd8 12. Ne4 h6 13. Bxh6 f5 14.
Bxg7 fxe4 15. Bxf8 exf3 16. exf3 Kxf8 17. Qd2 Kg7 18. f4 c6 19. fxe5 dxe5 20. Rfe1 Nf7 21.
bxc6 Nxc6 22. Rb6 Bxc4 23. Qb2 Ba6 24. h4 Qxd3 25. Rxb7 Bxb7 26. Qxb7 Qc3 27. Rf1 Rd8 28. Qxc6 Qxa3 29. Rb1 Qa2 30. Rb6 Rd6 31. Qc5 Rxb6 32.
Qxb6 a4 33. Be4 a3 34. Qxg6+ Kf8 35. Qc6 Qa1+ 36. Kg2 Qd4 37. Qa8+ Kg7 38. Bd5 Qc5 39. Qb7 Qf8 40. Qa7 e4 41. Bxf7 Qxf7 42. Qxa3 Qd5 43. Qe3 Kh7 44. Kh2 Qf5 45. Qf4 Qd5 46. g4 Qe6 47. Qf5+ 1-0

[Event "*** Titled Tuesday Blitz"]
[Site "Chess.com"]
[Date "2019.06.04"]
[Round "2"]
[White "savinspm"]
[Black "bracuarta"]
[Result "1-0"]
[WhiteElo "2067"]
[BlackElo "2093"]
[TimeControl "180+2"]
[EndTime "13:24:12 PDT"]
[Termination "savinspm won by resignation"]

1. e4 c5 2. Nc3 e6 3. g3 d5 4. exd5 exd5 5. Bg2 Nf6 6. d3 d4 7. Ne4 Nxe4 8. Bxe4 Be7 9. Ne2 O-O 10. O-O Nc6 11. Bg2 Re8 12. Bd2 Bf8 13. b3 Bg4 14. f3 Bf5 15. g4 Bg6 16. Nf4 Bd6 17. Nxg6 hxg6 18.
f4 Qh4 19. Qf3 Rad8 20. a3 Rd7 21. Rae1 Rde7 22. Rxe7 Rxe7 23. Qg3 Qf6 24. Be4 Re8 25. Qf3 Nd8 26. Rf2 b6 27. a4 Bc7 28. Kg2 Ne6 29.
Kh1 Qh4 30. Qg3 Qf6 31. g5 Qd8 32. Qg4 Qd6 33. Rf3 a6 34. Qh4 b5 35. axb5 axb5 36.
f5 gxf5 37. Bxf5 c4 38. g6 f6 39. bxc4 bxc4 40. dxc4 Rb8 41. Bxe6+ Kf8 42. Bd5 Qxd5 43. cxd5 1-0

[Event "*** Titled Tuesday Blitz"]
[Site "Chess.com"]
[Date "2019.06.04"]
[Round "2"]
[White "axvesik"]
[Black "WPWPWP-2015"]
[Result "0-1"]
[WhiteElo "2417"]
[BlackElo "2442"]
[TimeControl "180+2"]
[EndTime "13:24:14 PDT"]
[Termination "WPWPWP-2015 won by resignation"]

1. e4 c5 2. Nf3 d6 3. d4 cxd4 4. Nxd4 Nf6 5. Nc3 a6 6. f3 e5 7. Nb3 Be6 8. Be3 Be7 9. Qd2 Nbd7 10. g4 b5 11. g5 Nh5 12. Nd5 Bxd5 13. exd5 Nf4 14.
h4 h6 15. Na5 hxg5 16. Nc6 Qc7 17. O-O-O Rc8 18. Bxf4 gxf4 19. Bh3 Rxh4 20. Qg2 g6 21. Kb1 Bf6 22. Be6 Nf8 23. Bxc8 Qxc8 24. Rxh4 Bxh4 25. c4 bxc4 26. Rc1 Qf5+ 27. Ka1 g5 28. Rxc4 Nd7 29. Qe2 Nc5 30. b4 Qd3 31. Qxd3 Nxd3 32. a4 g4 33.
fxg4 f3 34. Rc2 f2 35. Rxf2 Bxf2 36. Kb1 Be1 37. b5 axb5 38. axb5 Bf2 39. Kc2 Nf4 40. Nb4 Bc5 41. Nd3 Nxd5 42. Nxc5 dxc5 43. Kd3 Nc7 44. Ke4 c4 45. b6 Na6 46. b7 Kd7 0-1

[Event "*** Titled Tuesday Blitz"]
[Site "Chess.com"]
[Date "2019.06.04"]
[Round "2"]
[White "Raja3401"]
[Black "Bad4life"]
[Result "1/2-1/2"]
[WhiteElo "2729"]
[BlackElo "2453"]
[TimeControl "180+2"]
[EndTime "13:24:15 PDT"]
[Termination "Game drawn by repetition"]

1. e4 c5 2. Nf3 d6 3. d4 cxd4 4. Nxd4 Nf6 5. Nc3 g6 6. f4 Nc6 7.
Bb5 Bd7 8. Bxc6 bxc6 9. e5 Nd5 10. exd6 Bg7 11. O-O O-O 12. dxe7 Qxe7 13. Nxd5 cxd5 14. c3 Rfe8 15. f5 Be5 16. Bf4 Rab8 17. Bxe5 Qxe5 18. Qf3 Rxb2 19. fxg6 f5 20. gxh7+ Kh8 21. h3 Re7 22.
Rae1 Qxe1 23. Rxe1 Rxe1+ 24. Kh2 Rbb1 25. Qf4 Re7 26.
Qg5 Rg7 27. Qf6 Rb2 28. Nf3 Rxg2+ 29. Kh1 Kxh7 30. Qh4+ Kg8 31. Qd8+ Kh7 32. h4 d4 33.
Ng5+ R2xg5 34. hxg5 d3 35. Qf6 d2 36. Qd6 Bc6+ 37.
Kh2 Rd7 38. Qh6+ Kg8 39. Qg6+ Kf8 40. Qf6+ Ke8 41. Qh8+ Ke7 42. Qe5+ Kd8 43. Qb8+ Ke7 44. Qe5+ Kd8 45. Qb8+ Ke7 46. Qe5+ 1/2-1/2

[Event "*** Titled Tuesday Blitz"]
[Site "Chess.com"]
[Date "2019.06.04"]
[Round "2"]
[White "TheGandhiOfChess"]
[Black "Gentlejimmy7"]
[Result "0-1"]
[WhiteElo "2410"]
[BlackElo "2504"]
[TimeControl "180+2"]
[EndTime "13:24:16 PDT"]
[Termination "Gentlejimmy7 won by resignation"]

1. e4 c5 2. Nf3 e6 3. d4 cxd4 4. Nxd4 Nf6 5. Nc3 Nc6 6. Be3 Bb4 7. Nxc6 bxc6 8. Qd3 d5 9. exd5 Nxd5 10. Bd2 O-O 11. Be2 a5 12. Ne4 Ba6 13. c4 Nf4 14. Qxd8 Rfxd8 15. Bxb4 axb4 16. b3 Nxg2+ 17. Kf1 Nf4 18.
Bf3 Rd3 19. Be2 Rd4 20. Nc5 Bc8 21. Bf3 Ra5 22. Na4 e5 23. Bxc6 Bh3+ 24. Ke1 e4 25. Rg1 Ng2+ 26. Ke2 Rf5 27. f3 Rxf3 28. Rad1 Nf4+ 29.
Ke1 Nd3+ 30. Ke2 f5 31. Nc5 Nf4+ 32. Ke1 Re3+ 33. Kf2 Re2+ 34. Kg3 Rxd1 35. Rxd1 g5 36. Rd8+ Kf7 37. Rd7+ Kf6 38. Rd6+ Ke5 39. Rd5+ Nxd5 40.
Bxd5 Bg4 41. Nd7+ Kd4 42. Nf6 Rxa2 43. Nxg4 fxg4 44. Kxg4 e3 45. Kf3 Rf2+ 46. Kg3 Rf8 47. Bf3 Kd3 48. c5 e2 0-1

[Event "*** Titled Tuesday Blitz"]
[Site "Chess.com"]
[Date "2019.06.04"]
[Round "2"]
[White "Antipov_Mikhail_Al"]
[Black "MFBerna"]
[Result "1-0"]
[WhiteElo "2874"]
[BlackElo "2370"]
[TimeControl "180+2"]
[EndTime "13:24:19 PDT"]
[Termination "Antipov_Mikhail_Al won by resignation"]

1. e4 c6 2. d4 d5 3. exd5 cxd5 4. Bd3 Nf6 5. c3 Nc6 6. Ne2 e5 7. dxe5 Nxe5 8. Bb5+ Bd7 9. Bxd7+ Qxd7 10. O-O Bd6 11. Bf4 O-O 12. Nd4 Rfe8 13. Nd2 Neg4 14. Bxd6 Qxd6 15.
N2f3 Ne4 16. Qc2 g6 17. Rad1 Rad8 18. Ne2 Qa6 19. a3 h5 20. Rd4 Qf6 21. Ng3 Nxg3 22. hxg3 Ne5 23. Nxe5 Rxe5 24. Qb3 b6 25. Qb5 Rf5 26.
a4 Rd6 27. a5 Re6 28. axb6 axb6 29. f3 Kg7 30. Rxd5 Rxd5 31. Qxd5 Re2 32. Rf2 Re1+ 33.
Kh2 h4 34. Rd2 hxg3+ 35. Kxg3 Re5 36. Qd4 Rg5+ 37. Kf2 Re5 38. Re2 Rb5 39. Qxf6+ Kxf6 40. Ke3 g5 41. Kd4 g4 42. fxg4 Kg5 43. Re5+ Rxe5 44. Kxe5 f6+ 45. Ke6 Kg6 46. c4 1-0

[Event "*** Titled Tuesday Blitz"]
[Site "Chess.com"]
[Date "2019.06.04"]
[Round "2"]
[White "josmito10"]
[Black "LazovT"]
[Result "1-0"]
[WhiteElo "2768"]
[BlackElo "2576"]
[TimeControl "180+2"]
[EndTime "13:24:21 PDT"]
[Termination "josmito10 won by resignation"]

1. d4 Nf6 2. c4 g6 3. Nc3 Bg7 4. e4 d6 5. Nf3 O-O 6. Be2 Na6 7. O-O e5 8. Be3 Ng4 9. Bg5 Qe8 10. Re1 f6 11. Bh4 h5 12. Bg3 Nh6 13. dxe5 dxe5 14. a3 c6 15. b4 Be6 16. c5 Rd8 17.
Qa4 g5 18. h4 g4 19. Nh2 Bc8 20. Rad1 Rxd1 21. Rxd1 f5 22. exf5 Nxf5 23. Ne4 Nd4 24. Bxa6 bxa6 25. Nd6 Qe6 26. Nf1 e4 27. Re1 Qa2 28.
Nxc8 Rxc8 29. Rxe4 Ne2+ 30. Kh2 Nxg3 31. Nxg3 Qxf2 32.
Qb3+ Kh8 33. Nxh5 Qxh4+ 34. Kg1 Qxh5 35. Qe6 Rd8 36. Rxg4 Bd4+ 37. Rxd4 Rxd4 38. Qf6+ Kh7 39. Qxd4 Qf5 40. Qh4+ Kg6 41. Qg3+ Kf6 42. Qf3 Qxf3 43. gxf3 Ke5 44. Kf2 a5 45. bxa5 Kd5 46. Ke3 Kxc5 47. Ke4 a6 48. f4 Kd6 49. Kd4 c5+ 50. Kc4 Kc6 51. f5 Kd6 52. a4 Ke5 53. Kxc5 Kxf5 54. Kb6 Ke6 55. Kxa6 Kd7 56. Kb7 1-0

[Event "*** Titled Tuesday Blitz"]
[Site "Chess.com"]
[Date "2019.06.04"]
[Round "2"]
[White "Astaneh"]
[Black "JozefKneht"]
[Result "1/2-1/2"]
[WhiteElo "2557"]
[BlackElo "2513"]
[TimeControl "180+2"]
[EndTime "13:24:22 PDT"]
[Termination "Game drawn by agreement"]

1. Nf3 d5 2. c4 e6 3. e3 Nf6 4.
b3 Bd6 5. Bb2 Nbd7 6. d4 b6 7.
Bd3 Bb7 8. O-O O-O 9. Nc3 a6 10.
Qe2 Qe7 11. e4 dxc4 12. Bxc4 e5 13. Rad1 b5 14. Bd3 Rfe8 15. dxe5 Nxe5 16. Nxe5 Bxe5 17.
Rfe1 Qc5 18. Rc1 Qd6 19. h3 Rad8 20. Red1 Qb6 21. Bb1 Rxd1+ 22. Rxd1 h6 23. Qd2 Bxe4 24. Nxe4 Bxb2 25. Qd8 Kf8 26. Nxf6 Rxd8 27. Rxd8+ Ke7 28. Nd5+ Kxd8 29. Nxb6 cxb6 30. Kf1 a5 31. Ke2 Kc7 32. Bd3 Kd6 33. Bxb5 Bd4 34. Bc4 f6 35. f3 h5 36.
h4 g5 37. Bf7 gxh4 38. Bxh5 Ke5 39. Bg4 Kf4 40. Kd3 Bg1 41. Kc4 Ke5 42. Kb5 Bf2 43.
Bh3 Bg1 44. b4 axb4 45. Kxb4 Bc5+ 46. Kc4 Bf2 47. a4 Bg1 48. Kb5 Bf2 1/2-1/2